 Dungeon Crawl Stone Soup version 0.29-a0-234-g0dae59b3db (webtiles) character file.

Game seed: 10809131919291328768

67 spaghetti the Skirmisher (level 4, -12/37 HPs)
             Began as a Demonspawn Fighter on Mar 3, 2022.
             Mangled by an ogre
             ... wielding a +0 giant spiked club
              (23 damage)
             ... on level 2 of the Dungeon.
             The game lasted 00:02:59 (1653 turns).

spaghetti the Skirmisher (Demonspawn Fighter)       Turns: 1653, Time: 00:03:00

Health: -12/37     AC:  6    Str: 18    XL:     4   Next: 0%
Magic:  4/4        EV:  9    Int: 10    God:
Gold:   60         SH:  5    Dex: 12    Spells: 3/3 levels left

rFire   . . .      SeeInvis .   a - +1 dagger (elec) {short}
rCold   . . .      Faith    .   c - +1 buckler
rNeg    . . .      Spirit   .   b - +0 scale mail
rPois   .          Reflect  .   (helmet restricted)
rElec   .          Harm     .   (no cloak)
rCorr   .          Rampage  .   (no gloves)
Will    .....                   (no boots)
Stlth   ..........              (no amulet)
HPRegen 0.12/turn               (no ring)
MPRegen 0.18/turn               (no ring)

@: no status effects
A: horns 2, magic regeneration
a: no special abilities


You were on level 2 of the Dungeon.
You visited 1 branch of the dungeon, and saw 2 of its levels.

You collected 60 gold pieces.


Innate Abilities, Weirdness & Mutations

You have a pair of horns on your head.
You regenerate magic rapidly.


   Skills:
 + Level 4.1 Fighting
 - Level 2.5 Short Blades
 - Level 2.6 Armour
 - Level 2.6 Shields
 - Level 1.3 Unarmed Combat


You had 3 spell levels left.
You didn't know any spells.
Your spell library was empty.

Inventory:

Hand Weapons
 a - a +1 dagger of electrocution (weapon) {short}
   (You took it off a kobold on level 1 of the Dungeon)
 j - a +0 rapier {short}
Missiles
 e - 2 poisoned darts (quivered) {throwing}
 g - 30 stones {throwing}
 i - 4 javelins {throwing}
Armour
 b - a +0 scale mail (worn)
 c - a +1 buckler (worn)
Scrolls
 f - 2 scrolls of amnesia
 h - a scroll of enchant armour
 k - a scroll of teleportation {@r4}
Potions
 d - a potion of might
 l - a potion of curing {@q1}

Dungeon Overview and Level Annotations

Branches:
Dungeon (2/15)

Altars:

,,,,,,..........................#
,,,,,,...#.................#.....
,,,,,,...##......................
,,,,,,.##......##......#.........
,,,,,,,*#......##..........##...#
,,,,,,,*#...#.###...#.##...##...#
*,*,*,,*#.............##...##....
*,*,*,,#.......O.....>......####.
,,,,,,......#...@#.....#.........
*,*,,,...#.............#.........
*,,,,,.........#.##....##.#......
*,,*,,.(..............†..........
,,,,,,.........#.###...####......
*,,*,,......#..#.# #..#######.#.#
*,,*,,*,.##.#..#.# #..# #........
*,,*,,,,,,.,,,,#.# #..# #####.###
*,,,,,,,,,,,,,,*,**#..# #.#


You could see an ogre.


Message History

i - a javelin {throwing}
i - 4 javelins {throwing} (gained 3)
k - a scroll of teleportation {@r4} 😎 HP[+1]
Your hp is fully restored (30).
Press: ? - help, . - travel You can't see that place. [an abandoned shop.]
There is an abandoned shop here.
Found a stone staircase leading down.
An endoplasm comes into view.
The endoplasm quivers.
An endoplasm is nearby!
You hit the endoplasm. The endoplasm closely misses you.
You hit the endoplasm.
You kill the endoplasm!
No target in view!
No target in view!
No target in view!
No target in view!
No target in view!
Key pressed, stopping explore.
f - 2 scrolls of amnesia (gained 1) Key pressed, stopping explore.
No target in view!
Found a stone staircase leading down.
An orc comes into view. It is wielding a +0 trident.
The orc shouts!
The orc moves out of view.
No target in view!
An orc is nearby!
An orc is nearby!
An endoplasm comes into view.
The endoplasm quivers.
The orc hits you with a +0 trident. 😕 HP[-2]
You take 2 damage, and now have 28/30 hp.
You hit the orc. Lightning courses through the orc!
You kill the orc!
You see here a +0 trident {polearm}.
You hit the endoplasm. You headbutt the endoplasm.
You kill the endoplasm!
No target in view!
No target in view!
No target in view!
No target in view!
No target in view!
No target in view!
No target in view!
No target in view!
No target in view!
You now have 47 gold pieces (gained 2).
l - a potion of curing {@q1} 😎 HP[+2]
Your hp is fully restored (30).
You see here a +0 trident {polearm}.
A bat comes into view.
A bat is nearby!
A bat is nearby!
A bat is nearby!
The bat hits you but does no damage.
You hit the bat. Lightning courses through the bat!
You kill the bat!
You have reached level 4!
You feel clever.
Your demonic ancestry asserts itself...
Your magic begins to regenerate rapidly. 😎 HP[+7] MP[+1]
You now have 37 max hp (+7).
Your hp is fully restored (37).
Your mp is fully restored (4).
You now have 60 gold pieces (gained 13).
An ogre is nearby!
The ogre barely misses you.
You hit the ogre. You headbutt the ogre. You hit the ogre.
Your headbutt misses the ogre. You block the ogre's attack.
You closely miss the ogre. The ogre closely misses you.
You barely miss the ogre. Your headbutt misses the ogre. You hit the ogre.
Your headbutt misses the ogre.
The ogre hits you with a +0 giant spiked club! 😮 HP[-11]
You take 11 damage, and now have 26/37 hp.
MASSIVE DAMAGE!! (PAUSE)
You hit the ogre.
The ogre hits you with a +0 giant spiked club!
* * * LOW HITPOINT WARNING * * *
😨 HP[-16]
You take 16 damage, and now have 10/37 hp.
MASSIVE DAMAGE!! (PAUSE)
You aren't carrying any items that you can evoke.
Okay, then. 😨 HP[+1]
You aren't carrying any items that you can evoke.
Okay, then.
Throw: 3 darts (poison) {throwing}
Press: ? - help, Q - select action, (/) - cycle Shift-Dir - straight line, f - ogre
Aim: an ogre, wielding a +0 giant spiked club (severely wounded, 74% to hit)
You throw a poisoned dart {throwing}.
The poisoned dart {throwing} barely misses the ogre.
The ogre hits you with a +0 giant spiked club!!
Ouch! That really hurt!
You die...

Skill      XL: |  1  2  3 |
---------------+----------+-----
Short Blades   | 2 |  2.5
Unarmed Combat | 1 |  1.3
Fighting       | 4 |  4.1
Armour         | |  2.6
Shields        | |  2.6

Action                   |  1- 3 |  4- 6 || total
-------------------------+-------+-------++-------
Melee: Rapier            |    54 |       ||    54
       Dagger            |    50 |     6 ||    56
       Headbutt          |    10 |     1 ||    11
Throw: Javelin           |     4 |       ||     4
       Dart              |       |     1 ||     1
  Use: Scroll            |     4 |       ||     4
       Potion            |     3 |       ||     3
Armor: Scale mail        |    47 |       ||    47
Dodge: Dodged            |    30 |     2 ||    32
Block: Buckler           |    25 |     1 ||    26

Levels and vault maps discovered:
D:1:      saegor_arrival_simple_b, layout_loops_ring, st_stairs_1
D:2:      layout_basic, hellmonk_ecumenical_altar_crossroads, uniq_jessica

Notes
Turn   | Place    | Note
-------+----------+-------------------------------------------
     0 | D:1      | spaghetti the Demonspawn Fighter began the quest for the
                  | Orb.
     0 | D:1      | Reached XP level 1. HP: 18/18 MP: 1/1
     0 | D:1      | magus.rc [v1.9.6]
    50 | D:1      | Reached skill level 2 in Short Blades
   212 | D:1      | You feel monstrous as your demonic heritage exerts itself.
   212 | D:1      | Discovered your monstrous ancestry.
   212 | D:1      | Gained mutation: You have a pair of small horns on your
                  | head. [demonic ancestry]
   212 | D:1      | Reached XP level 2. HP: 24/24 MP: 2/2
   276 | D:1      | Reached skill level 1 in Unarmed Combat
  1011 | D:2      | Noticed Jessica
  1033 | D:2      | HP: 5/24 [Jessica/nerve-wracking pain (4)]
  1043 | D:2      | Gained mutation: You have a pair of horns on your head.
                  | [demonic ancestry]
  1043 | D:2      | Reached XP level 3. HP: 16/29 MP: 3/3
  1044 | D:2      | Killed Jessica
  1066 | D:2      | Noticed an ogre
  1072 | D:2      | HP: 4/30 [ogre/+0 giant spiked club (16)]
  1360 | D:2      | Found a faded altar of an unknown god.
  1378 | D:2      | Reached skill level 4 in Fighting
  1627 | D:2      | Gained mutation: You regenerate magic rapidly. [demonic
                  | ancestry]
  1627 | D:2      | Reached XP level 4. HP: 37/37 MP: 4/4
  1653 | D:2      | Mangled by an ogre

Vanquished Creatures
  Jessica (D:2)
  A worm (D:2)
  An orc (D:2)
  4 endoplasms
  3 goblins (D:1)
  3 hobgoblins (D:1)
  2 quokkas
  3 ball pythons (D:1)
  6 bats
  6 kobolds
  4 rats (D:1)
34 creatures vanquished.

Table legend:
 A = Non-vault XP
 B = Vault XP
 C = Vault XP percentage of total XP
 D = Non-vault monster count
 E = Vault monster count
 F = Vault count percentage of total count
                 A         B        C        D         E       F
            +---------+---------+-------+---------+---------+-------
      Total |      56 |      41 |  42.3 |      31 |       3 |   8.8
            +---------+---------+-------+---------+---------+-------
        D:1 |      35 |       4 |  10.3 |      22 |       2 |   8.3
        D:2 |      21 |      37 |  63.8 |       9 |       1 |  10.0
            +---------+---------+-------+---------+---------+-------

Illustrated notes

Table legend:
 A = Kills in this place as a percentage of kills in entire the game.
 B = Kills by you in this place as a percentage of kills by you in the entire game.
 C = Kills by friends in this place as a percentage of kills by friends in the entire game.
 D = Other kills in this place as a percentage of other kills in the entire game.
 E = Experience gained in this place as a percentage of experience gained in the entire game.
 F = Experience gained in this place divided by the number of levels of this place that you have seen.
                   A       B       C       D       E      F
               +-------+-------+-------+-------+-------+----------------------
         Total | 100.0 | 100.0 |   N/A |   N/A | 100.0 |  48.5
       Dungeon | 100.0 | 100.0 |   N/A |   N/A | 100.0 |  48.5
               +-------+-------+-------+-------+-------+----------------------

Table legend: (Time is in decaauts)
 A = Elapsed time spent in this place.
 B = Non-inter-level travel time spent in this place.
 C = Inter-level travel time spent in this place.
 D = Time resting spent in this place.
 E = Time spent auto-exploring this place.
 F = Levels seen in this place.
 G = Mean time per level.
                   A        B        C        D        E       F      G
               +--------+--------+--------+--------+--------+-----+--------+
         Total |   1656 |   1558 |     98 |    377 |    888 |   2 |  828.0 |
       Dungeon |   1656 |   1558 |     98 |    377 |    888 |   2 |  828.0 |
               +--------+--------+--------+--------+--------+-----+--------+

Top non-repeatable levels by time:
     D:1: 1219 daAuts
     D:2: 437 daAuts
